 Dungeon Crawl Stone Soup version 0.28.0-43-g3370ac3207 (webtiles) character file.

Game seed: 4552615038987120342

26372 cbfl8 the Blocker (level 12, -1/87 (106) HPs)
             Began as a Minotaur Fighter on Mar 9, 2022.
             Was an Initiate of Yredelemnul.
             Slain by Rupert
             ... wielding a +1 battleaxe of draining
              (12 damage)
             ... on level 13 of the Dungeon.
             The game lasted 00:34:53 (16129 turns).

cbfl8 the Blocker (Minotaur Fighter)               Turns: 16129, Time: 00:34:55

HP:   -1/87 (106)   AC: 30    Str: 23    XL:     12   Next: 97%
MP:   12/12         EV:  8    Int:  5    God:    Yredelemnul [......]
Gold: 565           SH: 17    Dex: 13    Spells: 11/11 levels left

rFire   + + .      SeeInvis +   O - +10 falchion "Feileots" {protect, rF++ rC+ SInv}
rCold   + . .      Faith    .   x - +0 kite shield
rNeg    . . .      Spirit   .   S - +0 plate armour
rPois   .          Reflect  +   (helmet restricted)
rElec   .          Harm     .   m - +0 cloak
rCorr   .          Rampage  .   (no gloves)
Will    .....                   J - +0 pair of boots
Stlth   ..........              G - amulet of reflection
HPRegen 0.24/turn               T - ring of flight
MPRegen 0.13/turn               p - +4 ring of protection

@: under a protective aura, flying, heavily drained
A: horns 2, retaliatory headbutt
a: Renounce Religion, Recall Undead Harvest


You were on level 13 of the Dungeon.
You worshipped Yredelemnul.
Yredelemnul was noncommittal.
You visited 2 branches of the dungeon, and saw 14 of its levels.

You collected 817 gold pieces.
You spent 252 gold pieces at shops.

Inventory:

Hand Weapons
 v - a +3 quarterstaff of chaos
 O - the +10 falchion "Feileots" (weapon) {protect, rF++ rC+ SInv}
   (You found it on level 7 of the Dungeon)

   It grants its wielder temporary protection when it strikes (+7 to AC).
   rF:        It greatly protects you from fire.
   rC:        It protects you from cold.
   SInv:      It lets you see invisible.
Missiles
 b - 2 throwing nets (quivered)
Armour
 m - a +0 cloak (worn)
 x - a +0 kite shield (worn)
 J - a +0 pair of boots (worn)
 S - a +0 plate armour (worn)
Jewellery
 i - a ring of protection from cold
 p - a +4 ring of protection (right hand)
 F - a ring of magical power
 G - an amulet of reflection (around neck)
 K - an amulet of guardian spirit
 L - a ring of resist corrosion
 T - a ring of flight (left hand)
 U - an amulet of faith
 W - a ring of positive energy
Wands
 j - a wand of mindburst (13)
 t - a wand of acid (5)
 u - a wand of polymorph (5)
 B - a wand of flame (29)
 E - a wand of iceblast (10)
 M - a wand of paralysis (16)
 Q - a wand of charming (11)
 Y - a wand of digging (5)
Scrolls
 a - 2 scrolls of enchant armour {unknown}
 e - a scroll of fog {unknown}
 f - 11 scrolls of teleportation
 k - 2 scrolls of amnesia
 l - 2 scrolls of immolation
 q - 2 scrolls of fear
 s - 4 scrolls of blinking
 y - a scroll of brand weapon
 N - a scroll of silence {unknown}
 R - a scroll of magic mapping {unknown}
Potions
 d - 3 potions of might
 g - 4 potions of brilliance {unknown}
 h - 4 potions of curing {unknown}
 n - 6 potions of heal wounds
 o - 3 potions of mutation
 r - 2 potions of haste {unknown}
 z - 3 potions of resistance {unknown}
 D - 2 potions of cancellation {unknown}
 P - a potion of attraction {unknown}
 V - a potion of magic {unknown}
 X - a potion of invisibility {unknown}
Miscellaneous
 Z - a phial of floods


   Skills:
 + Level 9.9 Fighting
 + Level 12.0 Long Blades
 + Level 6.2(8.0) Axes
 + Level 7.9(8.9) Maces & Flails
 + Level 13.1 Armour
 + Level 4.3 Dodging
 + Level 2.6 Stealth
 + Level 13.6 Shields
 + Level 1.9 Invocations


You had 11 spell levels left.
You didn't know any spells.
Your spell library contained the following spells:

 Spells                   Type           Power      Damage    Failure   Level
 Magic Dart               Conj           0%         1d3       100%        1
 Shock                    Conj/Air       0%         1d3       100%        1
 Summon Small Mammal      Summ           0%         N/A       100%        1
 Searing Ray              Conj           0%         2d4       100%        2
 Call Canine Familiar     Summ           0%         N/A       100%        3
 Portal Projectile        Hex/Tloc       0%         N/A       100%        3
 Summon Guardian Golem    Hex/Summ       0%         N/A       100%        3
 Swiftness                Air            0%         N/A       100%        3
 Tukima's Dance           Hex            0%         N/A       100%        3
 Airstrike                Air            0%         N/A       100%        4
 Fulminant Prism          Conj/Hex       0%         3d6       100%        4
 Hailstorm                Conj/Ice       0%         3d3       100%        4
 Ice Form                 Ice/Tmut       0%         N/A       100%        4
 Leda's Liquefaction      Hex/Erth       0%         N/A       100%        4
 Passage of Golubria      Tloc           0%         N/A       100%        4
 Yara's Violent Unravell  Hex/Tmut       0%         3d3       100%        5
 Simulacrum               Ice/Necr       0%         N/A       100%        6


Dungeon Overview and Level Annotations

Branches:
Dungeon (13/15)            Temple (1/1) D:4            Lair (0/6) D:11
    Orc (0/2) D:9
 Vaults: D:13-14

Altars:
Ashenzari
Cheibriados
Dithmenos
Elyvilon
Fedhas
Gozag
Hepliaklqana
Kikubaaqudgha
Makhleb
Nemelex Xobeh
Okawaru
Qazlal
Ru
Sif Muna
Trog
Uskayaw
Vehumet
Wu Jian
Xom
Yredelemnul
Zin
The Shining One
Beogh

Shops:
D:5 :   D:11 *

Annotations:
D:12 3 runed translucent doors
D:13 Rupert, Urug


Innate Abilities, Weirdness & Mutations

You have a pair of horns on your head.
You reflexively headbutt those who attack you in melee.


Message History

Rupert roars madly and goes into a rage!
Rupert goes berserk!
You block Urug's attack. You block the human's attack.
You barely miss Rupert.
Rupert is lightly wounded.
Rupert hits you but does no damage.
You feel drained. You block Urug's attack.
The human hits you but does no damage. You block Rupert's attack.
You slash Rupert!
Rupert is lightly wounded.
Urug hits you from afar with a +3 halberd of freezing!
Rupert hits you with a +1 battleaxe of draining!!
You feel drained. You block the human's attack.
You slice Rupert!!
Rupert is lightly wounded.
You block Rupert's attack. You block Urug's attack.
You hit Rupert. You headbutt Rupert.
Rupert is moderately wounded.
Rupert hits you but does no damage.
You feel drained. The human hits you but does no damage.
You slash Rupert!
Rupert is moderately wounded.
You block Rupert's attack. Urug hits you but does no damage.
You block the human's attack.
You barely miss Rupert. You headbutt Rupert!
Rupert is moderately wounded.
You block Rupert's attack.
Urug screams, "Payback for my eye!"
You block Urug's attack. You block the human's attack.
Rupert hits you but does no damage.
You feel drained.
You slash Rupert! Your headbutt misses Rupert.
Rupert is moderately wounded.
You block Urug's attack.
Rupert hits you with a +1 battleaxe of draining!
You feel drained. You block the human's attack.
You slash Rupert! You headbutt Rupert, but do no damage.
Rupert is heavily wounded.
Rupert hits you with a +1 battleaxe of draining!!!
* * * LOW HITPOINT WARNING * * *
You feel drained.
You die...
Your body rises from the dead as a mindless zombie.

##'###
#.....#
#....#
#.....#
#....#
#.....#
#....+
+.....#
+....#
#.....#
#.Z..#
#.....#
##Z###
##'####
###.Z# #Z#
#.ZZ## #@#
#Z########
#@p#
..Z...>..#
##o#
.........+
'#
........>#
..
.........#
...
.........#
...
.........#
....
####'#####


You could see Rupert (berserk), Urug, a human (ally target) and a friendly human
zombie.

Vanquished Creatures
  Harold (D:11)
  Erolcha (D:11)
  4 centaur warriors
  4 two-headed ogres
  A deep elf pyromancer (D:13)
  A deep elf zephyrmancer (D:12)
  A cyclops (D:11)
  A manticore (D:12)
  2 ugly things
  Maurice (D:12)
  A gargoyle (D:11)
  An unseen horror (shapeshifter) (D:8)
  2 komodo dragons
  2 vampires
  A shadow (D:9)
  2 wyverns
  30 yaks
  11 humans
  5 wraiths
  3 basilisks (D:11)
  A steam dragon (D:9)
  5 vampire mosquitoes
  4 water moccasins
  4 acid dragons
  3 sky beasts
  A necrophage (D:7)
  An ogre (D:4)
  7 orc warriors
  3 centaurs
  4 kobold brigands
  A phantom (D:5)
  A scorpion (D:5)
  6 bullfrogs
  A wyvern zombie (D:9)
  A wyvern skeleton (D:5)
  Dowan (D:6)
  A water moccasin skeleton (D:5)
  5 wights
  A howler monkey (D:10)
  A jelly (D:6)
  2 hounds
  Crazy Yiuf (D:2)
  2 centaur zombies
  5 orc priests
  3 iguanas
  A centaur skeleton (D:6)
  2 gnoll shamans
  7 orc wizards
  Robin (D:2)
  8 gnolls
  3 adders
  A shadow imp (D:3)
  A white imp (D:5)
  An ufetubus (D:4)
  6 worms
  A dart slug (D:1)
  25 orcs
  6 ball pythons
  7 endoplasms
  2 giant cockroaches
  16 goblins
  9 hobgoblins
  12 kobolds
  7 quokkas
  5 bats
  2 frilled lizards
  5 rats
268 creatures vanquished.

Vanquished Creatures (collateral kills)
  A hydra (D:12)
  A rakshasa (D:12)
  A catoblepas (D:8)
  A manticore (D:12)
  A centaur zombie (D:10)
  A kobold demonologist (D:7)
  A human (D:13)
  2 yaks (D:12)
  2 vampire mosquitoes
  A water moccasin (D:7)
  Duvessa (D:6)
  A black bear (D:7)
  A centaur (D:8)
  A kobold brigand (D:7)
  A bullfrog (D:7)
  2 wights
  A bullfrog skeleton (D:5)
  2 orc priests
  A howler monkey zombie (D:6)
  7 orcs
  A hobgoblin (D:4)
  9 kobolds
40 creatures vanquished.

Vanquished Creatures (others)
  A two-headed ogre zombie (D:11)
  2 elf zombies
  8 human zombies
  4 vampire mosquito zombies
  2 water moccasin zombies (D:7)
  2 yak zombies (D:9)
  3 bullfrog zombies
  2 centaur zombies
  An acid dragon zombie (D:9)
  A necrophage zombie (D:7)
  A hound zombie (D:5)
  A howler monkey zombie (D:10)
  A steam dragon zombie (D:9)
  A worm zombie (D:5)
  2 gnoll zombies (D:5)
  5 kobold zombies
  13 orc zombies
50 creatures vanquished.

Grand Total: 358 creatures vanquished

Notes
Turn   | Place    | Note
-------+----------+-------------------------------------------
     0 | D:1      | cbfl8 the Minotaur Fighter began the quest for the Orb.
     0 | D:1      | Reached XP level 1. HP: 19/19 MP: 0/0
   238 | D:1      | Reached XP level 2. HP: 25/27 MP: 1/1
   433 | D:1      | Reached XP level 3. HP: 20/33 MP: 2/2
  1339 | D:2      | Found a runed translucent door.
  1340 | D:2      | Noticed Crazy Yiuf
  1432 | D:2      | Noticed Robin
  1442 | D:2      | Reached XP level 4. HP: 40/40 MP: 3/3
  1497 | D:2      | Killed Robin
  2260 | D:3      | Reached XP level 5. HP: 45/46 MP: 4/4
  2413 | D:3      | Noticed a golden eye
  2416 | D:3      | Found a faded altar of an unknown god.
  2418 | D:3      | Noticed an eye of devastation
  2421 | D:3      | Noticed a golden eye
  2421 | D:3      | Noticed a shining eye
  2678 | D:4      | Noticed an ogre
  2693 | D:4      | Killed an ogre
  2694 | D:4      | Reached skill level 5 in Axes
  2694 | D:4      | Reached skill level 1 in Dodging
  2694 | D:4      | Reached XP level 6. HP: 53/53 MP: 5/5
  2720 | D:4      | Found a staircase to the Ecumenical Temple.
  2731 | Temple   | Entered the Ecumenical Temple
  3386 | Temple   | Became a worshipper of Yredelemnul the Dark
  3610 | D:2      | Killed Crazy Yiuf
  3611 | D:2      | Reached skill level 5 in Armour
  3615 | D:2      | Identified the +9 mace "Marphecse" {vorpal, Fragile rPois
                  | rN++}
  4243 | D:4      | Reached * piety under Yredelemnul
  4385 | D:5      | Entered Level 5 of the Dungeon
  4511 | D:5      | Reached skill level 5 in Fighting
  4644 | D:5      | Reached XP level 7. HP: 55/61 MP: 6/6
  4673 | D:5      | Found Itysm's Book Shoppe.
  4681 | D:5      | Reached skill level 1 in Maces & Flails
  4911 | D:5      | Reached skill level 5 in Shields
  5431 | D:5      | Reached ** piety under Yredelemnul
  5466 | D:5      | Reached skill level 1 in Invocations
  6342 | D:6      | Reached XP level 8. HP: 63/70 MP: 7/7
  6586 | D:6      | Noticed Dowan
  6586 | D:6      | Noticed Duvessa
  6592 | D:6      | Killed Dowan
  6599 | D:6      | Killed Duvessa
  6697 | D:6      | Reached skill level 5 in Maces & Flails
  6978 | D:6      | Reached skill level 1 in Stealth
  7109 | D:7      | Reached XP level 9. HP: 77/77 MP: 9/9
  7134 | D:7      | Found a glowing golden altar of the Shining One.
  7407 | D:7      | Identified the +10 falchion "Feileots" {protect, rF++ rC+
                  | SInv}
  7506 | D:7      | Reached *** piety under Yredelemnul
  7519 | D:7      | Noticed a kobold demonologist
  7542 | D:7      | Noticed an orange demon
  7542 | D:7      | Killed a kobold demonologist
  7545 | D:7      | Reached skill level 1 in Long Blades
  8240 | D:8      | Noticed a red ugly thing
  8266 | D:7      | Killed a red ugly thing
  8474 | D:8      | Reached XP level 10. HP: 86/86 MP: 10/10
  8624 | D:8      | Noticed a catoblepas
  8633 | D:8      | Killed a catoblepas
  8785 | D:8      | Noticed a centaur warrior
  8785 | D:8      | Killed a centaur warrior
  8786 | D:8      | Reached skill level 5 in Long Blades
  8786 | D:8      | Reached skill level 10 in Armour
 10450 | D:9      | Reached skill level 10 in Shields
 10454 | D:9      | Reached XP level 11. HP: 85/94 MP: 11/11
 10814 | D:9      | Found a staircase to the Orcish Mines.
 11210 | D:10     | Entered Level 10 of the Dungeon
 11911 | D:10     | Noticed a two-headed ogre
 11922 | D:10     | Killed a two-headed ogre
 12055 | D:11     | Noticed a two-headed ogre
 12055 | D:11     | Noticed Harold
 12250 | D:11     | Found Deufule's Desiderata Depot.
 12261 | D:11     | Bought a wand of digging (5) for 252 gold pieces
 12497 | D:11     | Noticed Erolcha
 12514 | D:11     | Killed Erolcha
 12766 | D:11     | Killed a two-headed ogre
 12996 | D:11     | Killed Harold
 13125 | D:11     | Noticed a two-headed ogre
 13132 | D:11     | Your ally Harold died
 13147 | D:11     | Killed a two-headed ogre
 13148 | D:11     | Reached XP level 12. HP: 96/104 MP: 12/12
 13173 | D:11     | Reached skill level 10 in Long Blades
 13233 | D:11     | Found a staircase to the Lair.
 13485 | D:12     | Noticed Maurice
 13494 | D:12     | Paralysed by Maurice for 2 turns
 13511 | D:12     | Paralysed by Maurice for 2 turns
 13521 | D:12     | Killed Maurice
 13705 | D:12     | Noticed a rakshasa
 13747 | D:12     | Your ally Maurice died
 13749 | D:12     | Killed a rakshasa
 14185 | D:12     | Noticed a centaur warrior
 14196 | D:12     | Killed a centaur warrior
 14216 | D:12     | Noticed a four-headed hydra
 14223 | D:12     | Killed a nine-headed hydra
 14434 | D:12     | Found a runed translucent gate.
 14434 | D:12     | Found a runed translucent gate.
 14434 | D:12     | Found a runed translucent gate.
 14435 | D:12     | Noticed an anaconda
 14435 | D:12     | an anaconda changed into a sea snake
 14644 | D:12     | Noticed a two-headed ogre
 14653 | D:12     | Killed a two-headed ogre
 14995 | D:12     | Reached **** piety under Yredelemnul
 15349 | D:12     | Noticed a two-headed ogre
 15349 | D:12     | a snapping turtle changed into a two-headed ogre
 15353 | D:12     | a two-headed ogre changed into a water nymph
 15720 | D:13     | Noticed Rupert
 15721 | D:13     | Noticed a centaur warrior
 15860 | D:13     | Killed a centaur warrior
 15956 | D:13     | Noticed a centaur warrior
 15962 | D:13     | Killed a centaur warrior
 16082 | D:13     | Noticed Urug
 16129 | D:13     | Slain by Rupert

Illustrated notes

Levels and vault maps discovered:
D:1:      saegor_arrival_simple_a, layout_rooms, serial_curves, eino_curves_02,
          eino_curves_04
D:2:      layout_basic, nicolae_concentric_dashed_squares_mild,
          kennysheep_pointless_box, uniq_crazy_yiuf_cottage, uniq_robin
D:3:      layout_basic, hellmonk_ecumenical_altar_watching_god,
          serial_park_tiny_2
D:4:      layout_basic, minmay_temple_entry_glassed_door
D:5:      cheibrodos_helix_gallery, layout_basic, serial_shops,
          nicolae_shop_waterfront
D:6:      layout_basic, nicolae_fountain_basement, uniq_duvessa
D:7:      layout_basic, mainiacjoe_overflow_tiny_flanked,
          minmay_misc_feat_diagonals
D:8:      minmay_diamond_stairs, layout_basic, grunt_decor_clamped,
          minmay_misc_feat_nine_boxes
D:9:      layout_irregular_city, minmay_orc_entry_temple_small
D:10:     layout_rooms, minmay_quadrilaterals
D:11:     layout_loops_ring, erik_lair_dragon, nicolae_alphabet_shops,
          uniq_harold, uniq_erolcha
D:12:     layout_basic, ploomutoo_gammafunk_ghost_potion_laboratory, kb_rosetta,
          uniq_maurice
D:13:     layout_roguey, david_vaults_3, serial_shops,
          nicolae_shop_temple_entry_statues_fountains
Temple:   mainiacjoe_temple_starburst

Skill      XL: |  1  2  3  4  5  6  7  8  9 10 11 12 |
---------------+-------------------------------------+-----
Armour         | 4 5 6 8 9 10 12 13 | 13.1
Shields        | 4 5 6 8 10 11 13 | 13.6
Axes           | 3 4 5 6 |  6.2
Fighting       | 4 5 6 7 9 |  9.9
Dodging        | 1 2 3 4 |  4.3
Maces & Flails | 3 5 7 |  7.9
Invocations    | 1 |  1.9
Stealth        | 1 2 |  2.6
Long Blades    | 2 6 9 12 | 12.0

Action                   |  1- 3 |  4- 6 |  7- 9 | 10-12 || total
-------------------------+-------+-------+-------+-------++-------
Melee: War axe           |    81 |    84 |       |       ||   165
       Headbutt          |    14 |    23 |    26 |   123 ||   186
       Mace              |       |    28 |   114 |       ||   142
       Falchion          |       |       |    37 |   512 ||   549
Invok: Dark Bargain      |       |       |     1 |       ||     1
  Use: Scroll            |       |       |       |    11 ||    11
 Stab: Distracted        |       |       |     1 |     4 ||     5
Armor: Scale mail        |    59 |    51 |    52 |       ||   162
       Chain mail        |       |       |    48 |    58 ||   106
       Plate armour      |       |       |       |   156 ||   156
Dodge: Dodged            |    39 |    48 |    67 |   134 ||   288
Block: Buckler           |    20 |    24 |       |       ||    44
       Kite shield       |       |     7 |   137 |   441 ||   585
       Reflection        |       |       |     1 |    19 ||    20
